 Dungeon Crawl Stone Soup version 0.27-a0-46-g34d46f0a3f (webtiles) character file.

Game seed: 13038085496651618178

4663 kae the Grappler (level 10, -9/74 HPs)
             Began as a Demonspawn Gladiator on Jan 6, 2021.
             Was a Follower of Wu Jian.
             Mangled by a very large slime creature (46 damage)
             ... on level 12 of the Dungeon.
             The game lasted 00:07:05 (10182 turns).

kae the Grappler (Demonspawn Gladiator)            Turns: 10182, Time: 00:07:06

Health: -9/74      AC: 18    Str: 18    XL:     10   Next: 20%
Magic:  0/10       EV:  3    Int:  9    God:    Wu Jian [*.....]
Gold:   674        SH:  0    Dex: 15    Spells: 9/9 levels left

rFire    + . .     SeeInvis .     - Unarmed
rCold    + . .     Faith    .   (no shield)
rNeg     + . .     Spirit   +   t - +0 gold dragon scales
rPois    +         Reflect  .   (helmet restricted)
rElec    .         Harm     .   (no cloak)
rCorr    +         Rampage  .   p - +1 pair of gloves
Will     .....                  (no boots)
Stlth    ..........             o - amulet of guardian spirit
HPRegen  0.22/turn              F - ring of positive energy
MPRegen  0.12/turn              D - ring of resist corrosion

@: no status effects
A: horns 2, thin metallic scales 1, foul stench 2, spiny 1, miasma immunity
a: Renounce Religion


You were on level 12 of the Dungeon.
You worshipped Wu Jian.
Wu Jian was aware of your devotion.
You visited 2 branches of the dungeon, and saw 11 of its levels.

You collected 765 gold pieces.
You spent 91 gold pieces at shops.

Inventory:

Hand Weapons
 g - a +3 dagger of flaming
Missiles
 c - 4 throwing nets (quivered)
Armour
 i - a +3 leather armour
 p - a +1 pair of gloves (worn)
 t - +0 gold dragon scales (worn)
Jewellery
 o - an amulet of guardian spirit (around neck)
 q - an uncursed ring of flight
 D - a ring of resist corrosion (right hand)
 F - a ring of positive energy (left hand)
Wands
 b - a wand of iceblast (14)
 k - a wand of digging (6)
 w - a wand of polymorph (11)
 A - a wand of flame (8)
 G - a wand of disintegration (4)
Scrolls
 a - 2 scrolls of random uselessness
 d - a scroll of immolation
 e - 13 scrolls of remove curse
 j - 2 scrolls of enchant weapon
 v - 6 scrolls of identify
 y - 2 scrolls of teleportation
 B - a scroll of blinking
 E - 2 scrolls of fog
Potions
 f - a potion of attraction
 h - 5 potions of curing
 l - 3 potions of mutation
 m - a potion of berserk rage
 n - a potion of magic
 r - 2 potions of invisibility
 s - 2 potions of flight
 u - 4 potions of heal wounds
 z - 4 potions of might


   Skills:
 - Level 5.0 Fighting
 - Level 3.0 Throwing
 + Level 4.0 Armour
 + Level 5.0 Dodging
 * Level 11.5 Unarmed Combat


You had 9 spell levels left.
You didn't know any spells.
Your spell library contained the following spells:

 Spells                   Type           Power        Failure   Level
 Animate Skeleton         Necr           0%           100%        1
 Pain                     Necr           0%           100%        1
 Sandblast                Erth           0%           100%        1
 Passwall                 Tmut/Erth      0%           100%        2
 Stone Arrow              Conj/Erth      0%           100%        3
 Vampiric Draining        Necr           0%           100%        3
 Animate Dead             Necr           0%           100%        4
 Petrify                  Tmut/Erth      0%           100%        4
 Agony                    Necr           0%           100%        5
 Lee's Rapid Deconstruct  Erth           0%           100%        5


Dungeon Overview and Level Annotations

Branches:
Dungeon (9/15)             Temple (1/1) D:6            Lair (0/6) D:9
    Orc: D:9-12

Altars:
Ashenzari
Cheibriados
Dithmenos
Elyvilon
Fedhas
Gozag
Hepliaklqana
Makhleb
Nemelex Xobeh
Okawaru
Qazlal
Ru
Sif Muna
Trog
Uskayaw
Vehumet
Wu Jian
Xom
Yredelemnul
Zin
The Shining One

Shops:
D:6 =   D:8 [

Annotations:
D:3 Grinder
D:9 2 transporters, emiel's ghost, novice TrDe


Innate Abilities, Weirdness & Mutations

You have a pair of horns on your head.
You are partially covered in thin metallic scales. (AC +2)
You frequently emit foul miasma when damaged in melee.
You are partially covered in sharp spines.
You are immune to miasma.


Message History

The slime creature quivers. x3
Two slime creatures merge to form a large slime creature. x2
Two slime creatures merge to form a very large slime creature.
You hit the very large slime creature but do no damage.
Your headbutt misses the very large slime creature.
The very large slime creature hits you!!!
You hit the very large slime creature.
You punch the very large slime creature.
The very large slime creature is lightly wounded.
You hit the very large slime creature.
You headbutt the very large slime creature!
The very large slime creature is lightly wounded.
The very large slime creature is struck by your spines.
The very large slime creature hits you.
You pummel the very large slime creature!!
You headbutt the very large slime creature!
The very large slime creature is moderately wounded.
The very large slime creature hits you!!!
Ouch! That really hurt!
You die...

#. #......##..# #.# ..
#..#...#...# #.# #.
#...#..##..# #.# #.
#.#..#.#...# #.# #.
#.##..#.#..# #.#
#.######.###..#.[.######.#
#.JJ.......[...#....))†...
#.#######J###.#.#..#####.#
... #@# #..#.#..# #.# ###.
#.# #.##..#.# #.# #J #.#
#..##..## #.# #. #!# #.#
##.#####.# #. ... ...
.......... #. ###
#.########


You could see a very large slime creature.

Vanquished Creatures
  A two-headed ogre (D:9)
  Prince Ribbit (D:8)
  A slime creature (D:12)
  Eustachio (D:5)
  5 yaks (D:8)
  Edmund (D:5)
  A water moccasin (D:6)
  An ice beast (D:3)
  2 orc warriors (D:8)
  A sky beast (D:12)
  A necrophage (D:7)
  A black bear (D:6)
  4 ogres
  2 phantoms
  A big kobold (D:8)
  3 bullfrogs
  5 killer bees (D:12)
  2 wights (D:7)
  3 howler monkeys
  2 bullfrog zombies
  4 orc priests
  A centaur skeleton (D:5)
  A hound (D:8)
  A bullfrog skeleton (D:5)
  4 iguanas
  2 orc wizards (D:4)
  4 worker ants
  2 hound zombies
  A hound skeleton (D:6)
  A howler monkey zombie (D:5)
  A worker ant zombie (D:7)
  8 gnolls
  6 adders
  A shadow imp (D:7)
  2 white imps (D:6)
  An ufetubus (D:8)
  An adder zombie (D:7)
  2 worms
  3 leopard geckos
  22 orcs
  9 bats
  8 giant cockroaches
  3 goblins (D:1)
  8 hobgoblins
  12 jackals
  8 quokkas
  2 ball pythons
  12 kobolds
  2 leopard gecko skeletons
  2 quokka zombies
  7 rats
180 creatures vanquished.

Vanquished Creatures (others)
  A fungus (D:3)
1 creature vanquished.

Grand Total: 181 creatures vanquished

Notes
Turn   | Place    | Note
-------+----------+-------------------------------------------
     0 | D:1      | kae the Demonspawn Gladiator began the quest for the Orb.
     0 | D:1      | Reached XP level 1. HP: 16/16 MP: 1/1
   241 | D:1      | Reached skill level 3 in Unarmed Combat
   245 | D:1      | Gained mutation: You are immune to miasma. [demonic
                  | ancestry]
   245 | D:1      | Reached XP level 2. HP: 22/22 MP: 2/2
  1010 | D:2      | Gained mutation: You are partially covered in thin metallic
                  | scales. (AC +2) [demonic ancestry]
  1010 | D:2      | Reached XP level 3. HP: 15/28 MP: 3/3
  1545 | D:2      | Reached skill level 4 in Unarmed Combat
  1559 | D:2      | Reached XP level 4. HP: 34/34 MP: 4/4
  1684 | D:2      | Found a broken altar of Ashenzari.
  2676 | D:3      | Noticed Grinder
  3037 | D:4      | Gained mutation: You have a pair of small horns on your
                  | head. [demonic ancestry]
  3037 | D:4      | Reached XP level 5. HP: 41/41 MP: 5/5
  3253 | D:5      | Entered Level 5 of the Dungeon
  3366 | D:5      | Noticed an ice beast
  3377 | D:4      | HP: 1/41 [ice beast (10)]
  3692 | D:3      | Killed an ice beast
  3693 | D:3      | Reached skill level 5 in Unarmed Combat
  3942 | D:4      | Gained mutation: You may emit foul miasma when damaged in
                  | melee. [demonic ancestry]
  3942 | D:4      | Reached XP level 6. HP: 36/48 MP: 4/6
  4435 | D:5      | Noticed Edmund
  4438 | D:5      | Noticed Eustachio
  4456 | D:5      | Killed Edmund
  4457 | D:5      | Gained mutation: You have a pair of horns on your head.
                  | [demonic ancestry]
  4457 | D:5      | Reached XP level 7. HP: 28/54 MP: 3/7
  4499 | D:4      | HP: 2/55 [orc/+0 mace (6)]
  4808 | D:4      | Reached skill level 6 in Unarmed Combat
  4895 | D:5      | Killed Eustachio
  4896 | D:5      | Reached skill level 5 in Fighting
  5351 | D:5      | Reached skill level 7 in Unarmed Combat
  5445 | D:6      | Reached XP level 8. HP: 37/62 MP: 4/8
  5735 | D:6      | Found a staircase to the Ecumenical Temple.
  5738 | D:6      | Found Xicwohug's Jewellery Shoppe.
  5763 | D:6      | Bought a cursed ring of teleportation for 63 gold pieces
  5763 | D:6      | Bought a cursed -4 ring of evasion for 28 gold pieces
  6042 | D:6      | Reached skill level 8 in Unarmed Combat
  6650 | D:7      | Reached skill level 9 in Unarmed Combat
  7210 | D:7      | Found a sacrificial altar of Ru.
  7422 | D:7      | Reached skill level 10 in Unarmed Combat
  7422 | D:7      | Gained mutation: You are partially covered in sharp spines.
                  | [demonic ancestry]
  7422 | D:7      | Reached XP level 9. HP: 56/68 MP: 6/9
  8238 | Temple   | Entered the Ecumenical Temple
  8345 | Temple   | Became a worshipper of the Wu Jian Council
  8495 | D:8      | Reached skill level 1 in Armour
  9114 | D:8      | Found Bomo's Armour Boutique.
  9115 | D:8      | Noticed Prince Ribbit
  9120 | D:8      | Killed Prince Ribbit
  9389 | D:9      | Reached skill level 11 in Unarmed Combat
  9455 | D:9      | Noticed emiel's ghost (novice TrDe)
  9462 | D:9      | Found a transporter.
  9462 | D:9      | Noticed a moth of wrath
  9518 | D:9      | Found a staircase to the Lair.
  9568 | D:9      | Noticed a two-headed ogre
  9579 | D:9      | Killed a two-headed ogre
  9580 | D:9      | Gained mutation: You frequently emit foul miasma when
                  | damaged in melee. [demonic ancestry]
  9580 | D:9      | Reached XP level 10. HP: 44/74 MP: 7/10
  9824 | D:9      | Found a transporter.
  9829 | D:9      | Found the +8 mithril axe "Arga" {speed, Will+}
  9928 | D:9      | You fall into a shaft and drop 3 floors!
  9964 | D:12     | Reached * piety under Wu Jian
 10160 | D:12     | Reached skill level 5 in Dodging
 10182 | D:12     | Mangled by a very large slime creature

Illustrated notes

Levels and vault maps discovered:
D:1:      dpeg_arrival_rooms_c, layout_loops_ring
D:2:      wad_woods_tower, layout_basic, ashenzari_conservatory_becter
D:3:      layout_rooms, uniq_grinder, uniq_crazy_yiuf_cottage
D:4:      layout_rooms, kennysheep_generic_room_10
D:5:      layout_rooms, lemuel_another_geyser, uniq_eustachio, uniq_edmund
D:6:      layout_basic, minmay_temple_entry_statues_fountains, serial_shops,
          shop_coins, roderic_nine_men_s_morris
D:7:      layout_basic, serial_undead, serial_undead_b, serial_undead_d,
          serial_undead_d, serial_undead_c, serial_undead_c, serial_undead_d,
          amcnicky_mini_corridor_feature, nicolae_ru_sacrificial_ziggurat
D:8:      layout_basic, serial_shops,
          nicolae_shop_temple_entry_statues_fountains, uniq_prince_ribbit1
D:9:      layout_basic, dpeg_oklobed_lair, gammafunk_ghost_berserking_beasts
D:12:     layout_small_grid, hangedman_abyss_or_decor_slice, uniq_frances
Temple:   regret_index_temple_sigil_plot

Skill      XL: |  1  2  3  4  5  6  7  8  9 10 |
---------------+-------------------------------+-----
Unarmed Combat | 3 4 5 7 10 11 | 11.5
Fighting       | 3 4 5 |  5.0
Throwing       | 2 3 |  3.0
Armour         | 3 4 |  4.0
Dodging        | 4 5 |  5.0

Action                   |  1- 3 |  4- 6 |  7- 9 | 10-12 || total
-------------------------+-------+-------+-------+-------++-------
Melee: Dagger            |   100 |   225 |   109 |       ||   434
       Unarmed           |     9 |       |   243 |    47 ||   299
       Punch             |     1 |     4 |    15 |     1 ||    21
       Headbutt          |       |    18 |    70 |    12 ||   100
Invok: Lunge             |       |       |     3 |     1 ||     4
  Use: Scroll            |       |    12 |     9 |     3 ||    24
 Stab: Sleeping          |     2 |       |       |       ||     2
Armor: Leather armour    |    47 |   118 |    32 |       ||   197
       Gold dragon scale |       |       |   187 |    20 ||   207
Dodge: Dodged            |    57 |   208 |    81 |     4 ||   350

Table legend: (Time is in decaauts)
 A = Elapsed time spent in this place.
 B = Non-inter-level travel time spent in this place.
 C = Inter-level travel time spent in this place.
 D = Time resting spent in this place.
 E = Time spent auto-exploring this place.
 F = Levels seen in this place.
 G = Mean time per level.
                   A        B        C        D        E       F      G
               +--------+--------+--------+--------+--------+-----+--------+
         Total |  10137 |   9598 |    539 |   1954 |   6240 |  11 |  921.5 |
       Dungeon |   9998 |   9496 |    502 |   1954 |   6140 |  10 |  999.8 |
        Temple |    138 |    102 |     36 |      0 |    100 |   1 |  138.0 |
               +--------+--------+--------+--------+--------+-----+--------+

Top non-repeatable levels by time:
     D:7: 1537 daAuts
     D:4: 1388 daAuts
     D:5: 1174 daAuts
     D:8: 1153 daAuts
     D:1: 1094 daAuts
     D:2: 1092 daAuts
     D:6: 867 daAuts
     D:3: 800 daAuts
     D:9: 646 daAuts
    D:12: 243 daAuts
  Temple: 138 daAuts
